 Dungeon Crawl Stone Soup version 0.26-a0-451-gacbe401039 (webtiles) character file.

Game seed: 11205387506299498768

506 MrRokkomies the Skirmisher (level 6, -7/54 HPs)
             Began as a Palentonga Delver on July 28, 2020.
             Was a Follower of Cheibriados.
             Mangled by a centaur (8 damage)
             ... on level 5 of the Dungeon.
             The game lasted 00:09:29 (4353 turns).

MrRokkomies the Skirmisher (Palentonga Delver)      Turns: 4353, Time: 00:09:30

Health: -7/54      AC:  3    Str: 17    XL:     6   Next: 97%
Magic:  6/6        EV:  7    Int: 15    God:    Cheibriados [*.....]
Gold:   247        SH:  7    Dex: 13    Spells: 2/5 levels left

rFire    . . .     SeeInvis +   a - +1 hand axe
rCold    . . .     Faith    .   o - +0 kite shield (curse)
rNeg     . . .     Spirit   .   b - +0 leather armour
rPois    .         Reflect  .   k - +2 helmet
rElec    .         Harm     .   (no cloak)
rCorr    .                      (no gloves)
MR       .....                  (boots restricted)
Stlth    ++........             q - amulet of regeneration
HPRegen  0.58/turn              B - -4 ring of protection (curse)
MPRegen  0.10/turn              (no ring)

@: lethally poisoned (-7 -> -9), very slow
A: large, rugged brown scales 3, see invisible, deformed body, roll, armoured
tail
a: Rolling Charge, Bend Time, Renounce Religion


You were on level 5 of the Dungeon.
You worshipped Cheibriados.
Cheibriados was aware of your devotion.
You visited 2 branches of the dungeon, and saw 6 of its levels.

You collected 247 gold pieces.

Inventory:

Hand Weapons
 a - a +1 hand axe (weapon)
Missiles
 l - 89 stones (quivered)
 x - 32 poisoned darts
 y - 7 boomerangs
Armour
 b - a +0 leather armour (worn)
 k - a +2 helmet (worn)
 m - a +0 helmet
 o - a cursed +0 kite shield (worn)
Magical Staves
 z - an uncursed staff of earth
Jewellery
 q - an amulet of regeneration (around neck)
 w - an uncursed ring of fire
 B - a cursed -4 ring of protection (left hand)
Wands
 g - a wand of digging (3)
 h - a wand of flame (10)
Scrolls
 c - a scroll of fog
 d - 2 scrolls of magic mapping
 e - a scroll of fear
 A - a scroll of immolation
Potions
 f - a potion of mutation {unknown}
 j - a potion of degeneration {unknown}
 n - a potion of magic {unknown}
 p - a potion of resistance {unknown}
 r - a potion of flight {unknown}
 s - a potion of curing {unknown}
 t - a potion of berserk rage {unknown}
 u - a potion of lignification {unknown}
 v - a potion of stabbing {unknown}
 C - a potion of might {unknown}


   Skills:
 * Level 5.4 Fighting
 * Level 4.8 Axes
 + Level 3.0 Dodging
 - Level 3.3 Stealth
 + Level 1.2 Invocations


You had 2 spell levels left.
You knew the following spells:

 Your Spells              Type           Power        Failure   Level
a - Magic Dart            Conj           #...         93%         1
b - Blink                 Tloc           N/A          98%         2

Your spell library contained the following spells:

 Spells                   Type           Power        Failure   Level
 Call Imp                 Summ           #.......     98%         2
 Slow                     Hex            #.......     98%         2
 Conjure Flame            Conj/Fire      #.......     100%        3
 Mephitic Cloud           Conj/Pois/Air  #.......     100%        3


Dungeon Overview and Level Annotations

Branches:
Dungeon (5/15)             Temple (1/1) D:4

Altars:
Ashenzari
Cheibriados
Dithmenos
Elyvilon
Gozag
Kikubaaqudgha
Makhleb
Okawaru
Qazlal
Ru
Sif Muna
Uskayaw
Vehumet
Wu Jian
Yredelemnul
Zin
The Shining One


Innate Abilities, Weirdness & Mutations

You are completely covered in rugged brown scales. (AC +3, +7% HP)
You have supernaturally acute eyesight. (SInv)
Armour fits poorly on your strangely shaped body.
You can roll at foes to attack.
You have a long armoured tail.


Message History

You feel much better.
You feel sick. The centaur hits you. The worker ant bites you.
The centaur barely misses you.
You hit the centaur.
The centaur is almost dead.
You hit the worker ant.
You feel sick.
The worker ant bites you but does no damage.
The centaur hits you!
* * * LOW HITPOINT WARNING * * *
You block the worker ant's attack.
Evoke which item? (* to show all) (? for menu, Esc to quit)
Evoke which item? (* to show all) (? for menu, Esc to quit)
Okay, then.
You hit the centaur.
The centaur is almost dead.
You closely miss the worker ant.
You feel sick. The centaur hits you!
* * * LOW HITPOINT WARNING * * *
The worker ant bites you!
* * * LOW HITPOINT WARNING * * *
The centaur hits you!
You die...

############...
.......@.....#
......ac.....#
.............#
.............#
.............#
.............#
######......>..
#.........


You could see a centaur and a worker ant.

Vanquished Creatures
  2 howler monkeys
  3 orc wizards (D:4)
  An iguana (D:2)
  Natasha (thrice) (D:2)
  3 worker ants (D:4)
  Robin (D:4)
  4 adders
  A river rat (D:3)
  A shadow imp (D:3)
  An adder skeleton (D:4)
  7 worms
  2 dart slugs
  5 leopard geckos
  3 orcs (D:4)
  7 bats
  4 giant cockroaches
  11 goblins
  9 hobgoblins
  12 jackals
  2 kobolds (D:2)
  A ball python (D:4)
  2 frilled lizards (D:2)
  4 rats
89 creatures vanquished.

Notes
Turn   | Place    | Note
-------+----------+-------------------------------------------
     0 | D:5      | MrRokkomies the Palentonga Delver began the quest for the
                  | Orb.
     0 | D:5      | Reached XP level 1. HP: 19/19 MP: 1/1
    73 | D:3      | Found a sacrificial altar of Ru.
   225 | D:3      | Reached XP level 2. HP: 24/25 MP: 2/2
   626 | D:2      | Reached XP level 3. HP: 15/31 MP: 3/3
  1702 | D:2      | Noticed Natasha
  1708 | D:2      | Killed Natasha
  1708 | D:2      | Reached XP level 4. HP: 19/39 MP: 4/4
  2083 | D:2      | Reached skill level 4 in Fighting
  2465 | D:2      | Noticed Natasha
  2470 | D:2      | Killed Natasha
  2470 | D:2      | Reached XP level 5. HP: 42/46 MP: 5/5
  2523 | D:2      | Noticed Natasha
  2537 | D:2      | Killed Natasha
  3274 | D:3      | Found an opulent altar of Gozag.
  3288 | D:3      | Learned a level 1 spell: Magic Dart
  3291 | D:3      | Learned a level 2 spell: Blink
  3515 | D:4      | Reached XP level 6. HP: 53/53 MP: 6/6
  3643 | D:4      | Found a staircase to the Ecumenical Temple.
  3654 | D:4      | Reached skill level 5 in Fighting
  3664 | Temple   | Entered the Ecumenical Temple
  3810 | Temple   | Became a worshipper of Cheibriados the Contemplative
  4001 | D:4      | Noticed Robin
  4035 | D:4      | Killed Robin
  4086 | D:4      | Reached * piety under Cheibriados
  4093 | D:4      | Reached skill level 1 in Invocations
  4339 | D:4      | You fall into a shaft and drop 1 floor!
  4353 | D:5      | HP: 1/54 [worker ant (7)]
  4353 | D:5      | Mangled by a centaur

Illustrated notes

Levels and vault maps discovered:
D:1:      dpeg_arrival_shelter, layout_basic
D:2:      layout_loops_corners, uniq_natasha
D:3:      layout_basic, lemuel_round_altar, gup_sewer_entry_bubbles,
          nicolae_ru_awakened_eye
D:4:      layout_loops_ring, minmay_temple_entry_sparse_star, uniq_robin
D:5:      layout_basic, marbit_many_paths, uniq_ijyb
Temple:   regret_index_temple_sphere_string

Skill      XL: |  1  2  3  4  5  6 |
---------------+-------------------+-----
Dodging        | 2 3 |  3.0
Axes           | 3 4 |  4.8
Fighting       | 4 5 |  5.4
Invocations    | 1 |  1.2
Stealth        | |  3.3

Action                   |  1- 3 |  4- 6 || total
-------------------------+-------+-------++-------
Melee: Hand axe          |    80 |   306 ||   386
       Tailslap          |     7 |    32 ||    39
 Abil: Rolling Charge    |     2 |     5 ||     7
  Use: Scroll            |     5 |     2 ||     7
       Potion            |       |     2 ||     2
 Stab: Sleeping          |     3 |     6 ||     9
Armor: Leather armour    |    43 |    91 ||   134
Dodge: Dodged            |    46 |    77 ||   123
Block: Kite shield       |     6 |    85 ||    91

Table legend: (Time is in decaauts)
 A = Elapsed time spent in this place.
 B = Non-inter-level travel time spent in this place.
 C = Inter-level travel time spent in this place.
 D = Time resting spent in this place.
 E = Time spent auto-exploring this place.
 F = Levels seen in this place.
 G = Mean time per level.
                   A        B        C        D        E       F      G
               +--------+--------+--------+--------+--------+-----+--------+
         Total |   4557 |   4345 |    212 |    496 |   2939 |   6 |  759.5 |
       Dungeon |   4394 |   4199 |    195 |    496 |   2797 |   5 |  878.8 |
        Temple |    162 |    146 |     16 |      0 |    142 |   1 |  162.0 |
               +--------+--------+--------+--------+--------+-----+--------+

Top non-repeatable levels by time:
     D:2: 1537 daAuts
     D:3: 1126 daAuts
     D:4: 860 daAuts
     D:1: 803 daAuts
  Temple: 162 daAuts
     D:5: 66 daAuts
